 Dungeon Crawl Stone Soup version 0.24.1-1-gd1d2a07e1b (webtiles) character file.

Game seed: 7616709937271727046, levelgen mode: deterministic

3611 Heliosone the Fighter (level 9, -2/77 HPs)
             Began as a Demonspawn Gladiator on Apr 10, 2020.
             Was a Believer of Kikubaaqudgha.
             Splashed by a jelly's acid (9 damage)
             ... on level 8 of the Dungeon.
             The game lasted 00:21:12 (8586 turns).

Heliosone the Fighter (Demonspawn Gladiator)        Turns: 8586, Time: 00:21:13

Health: -2/77      AC: 11    Str: 14    XL:     9   Next: 86%
Magic:  3/9        EV: 16    Int: 14    God:    Kikubaaqudgha [**....]
Gold:   471        SH:  0    Dex: 14    Spells: 5/8 levels left

rFire    . . .     SeeInvis .   a - +0 trident
rCold    . . .     Gourm    .   (no shield)
rNeg     . . .     Faith    .   K - +0 ring mail
rPois    .         Spirit   .   c - +0 helmet
rElec    .         Reflect  .   o - scarf {cloud immunity}
rCorr    .         Harm     .   t - +0 pair of gloves
MR       .....                  (no boots)
Stlth    +.........             (no amulet)
HPRegen  0.22/turn              e - +4 ring of evasion
MPRegen  0.11/turn              h - +3 ring of slaying

@: very slightly contaminated
A: talons 2, rugged brown scales 2, powered by death 1
a: Receive Corpses, Renounce Religion


You were on level 8 of the Dungeon.
You worshipped Kikubaaqudgha.
Kikubaaqudgha was pleased with you.
You were not hungry.

You visited 2 branches of the dungeon, and saw 10 of its levels.

You collected 471 gold pieces.

Inventory:

Hand Weapons
 a - a +0 trident (weapon)
Missiles
 d - 2 throwing nets
 E - 8 atropa-tipped darts
 J - 8 javelins (quivered)
Armour
 b - a +0 leather armour
 c - a +0 helmet (worn)
 l - a +0 leather armour
 o - a scarf of cloud immunity (worn)
 t - a +0 pair of gloves (worn)
 K - a +0 ring mail (worn)
Magical Staves
 H - an uncursed staff of poison {unknown}
 P - an uncursed staff of cold {unknown}
Jewellery
 e - a +4 ring of evasion (left hand)
 h - a +3 ring of slaying (right hand)
 y - an uncursed ring of attention
 I - an uncursed ring of see invisible
 N - an uncursed amulet of magic regeneration {unknown}
Wands
 w - a wand of acid (7)
 O - a wand of flame (16)
Scrolls
 i - 8 scrolls of identify
 j - 7 scrolls of teleportation
 k - 2 scrolls of magic mapping {unknown}
 p - a scroll of fog {unknown}
 q - 5 scrolls of amnesia
 x - 4 scrolls of remove curse
 z - 2 scrolls of fear {unknown}
 B - 2 scrolls of enchant weapon {unknown}
 F - a scroll of immolation {unknown}
 G - a scroll of random uselessness {unknown}
 M - a scroll of enchant armour {unknown}
Potions
 g - 5 potions of heal wounds {unknown}
 m - a potion of curing {unknown}
 n - a potion of agility {unknown}
 r - a potion of might {unknown}
 s - 2 potions of flight {unknown}
 u - 4 potions of degeneration {unknown}
 v - a potion of haste {unknown}
 A - 3 potions of ambrosia {unknown}
 C - 3 potions of lignification {unknown}
 D - a potion of magic {unknown}
 L - a potion of resistance {unknown}
Comestibles
 f - 21 rations
 Q - 6 chunks of flesh


   Skills:
 + Level 8.1 Fighting
 + Level 7.4 Polearms
 - Level 1.7 Throwing
 + Level 7.1 Armour
 - Level 3.4 Dodging
 + Level 4.0 Necromancy


You had 5 spell levels left.
You knew the following spells:

 Your Spells              Type           Power        Failure   Level  Hunger
a - Corpse Rot            Necr           N/A          16%         2    ###....
b - Pain                  Necr           ##..         11%         1    ##.....

Your spell library contained the following spells:

 Spells                   Type           Power        Failure   Level  Hunger
 Sublimation of Blood     Necr           ##........   16%         2    ###....
 Regeneration             Chrm/Necr      #.........   56%         3    ####...


Dungeon Overview and Level Annotations

Branches:
Dungeon (9/15)             Temple (1/1) D:4             Orc (0/2) D:9
   Lair: D:8-11

Altars:
Ashenzari
Cheibriados
Dithmenos
Elyvilon
Fedhas
Gozag
Hepliaklqana
Kikubaaqudgha
Makhleb
Nemelex Xobeh
Okawaru
Qazlal
Ru
Sif Muna
Trog
Uskayaw
Vehumet
Wu Jian
Xom
Yredelemnul
Zin
The Shining One

Annotations:
D:3 2 transporters, Doot's ghost, weakling DsVM
D:4 Sigmund


Innate Abilities, Weirdness & Mutations

You have razor-sharp toenails.
You are mostly covered in rugged brown scales. (AC +2, +5% HP)
You regenerate a little health from kills.


Message History

You climb upwards.
There is a stone staircase leading down here.
Your magical contamination has completely faded away.
Casting: Corpse Rot (safe; 16% risk of failure)
Confirm with . or Enter, or press ? or * to list all spells.
Aiming: Pain (safe; 11% risk of failure)
Press: ? - help, Shift-Dir - straight line, f - jelly
Aim: a jelly (chance to defeat MR: 73%)
You miscast Pain.
You are very lightly contaminated with residual magic.
Kikubaaqudgha protects you from your miscast necromantic spell!
You hit the jelly.
Your hands burn!
* * * LOW HITPOINT WARNING * * *
You claw the jelly.
The jelly is moderately wounded.
The jelly hits you.
* * * LOW HITPOINT WARNING * * *
You are splashed with acid!
You die...
Kikubaaqudgha rasps: "You have failed me!
Welcome... death!"

#........>.#.....# #..#
#.............#..## #..#
#............##...#####...
#............###..........
#....[........###.......#.
#................)......#.
#..............###......#.
###.......>J.....# #......#.
####......#...@.....# #........
#....######.........# #........
#.#### #.........# ###.###..
###.##########....##### #..##..
...>..##...# #....##### ##.####
......##...###........# #..#..
......#........##.###.### ##.#.#
..................# #...#####...#
......#.#.##...#..#####.....###.#


You could see a jelly.

Vanquished Creatures
  Prince Ribbit (D:8)
  A hippogriff (D:7)
  A warg (D:9)
  An orc warrior (D:9)
  2 sky beasts
  A hornet zombie (D:7)
  2 phantoms
  3 ogres
  A necrophage (D:8)
  A centaur (D:5)
  A big kobold (D:8)
  6 scorpions
  6 killer bees (D:7)
  3 wights (D:8)
  6 howler monkeys
  3 crimson imps
  A bullfrog zombie (D:6)
  9 hounds
  3 orc priests
  3 orc wizards
  2 bullfrog skeletons
  A centaur skeleton (D:5)
  3 iguanas
  8 worker ants
  2 hound skeletons
  A worker ant zombie (D:7)
  A howler monkey zombie (D:8)
  6 adders
  3 howler monkey skeletons
  An adder zombie (D:6)
  2 worms (D:2)
  2 dart slugs (D:1)
  3 leopard geckos
  18 orcs
  8 bats
  A giant cockroach (D:8)
  9 goblins
  7 hobgoblins
  12 jackals
  3 quokkas
  2 ball pythons (D:3)
  5 frilled lizards
  13 kobolds
  A leopard gecko skeleton (D:8)
  3 rats
172 creatures vanquished.

Notes
Turn   | Place    | Note
-------+----------+-------------------------------------------
     0 | D:1      | Heliosone the Demonspawn Gladiator began the quest for the
                  | Orb.
     0 | D:1      | Reached XP level 1. HP: 16/16 MP: 1/1
    51 | D:1      | Gained mutation: You are partially covered in rugged brown
                  | scales. (AC +1, +3% HP) [demonic ancestry]
    51 | D:1      | Reached XP level 2. HP: 4/22 MP: 2/2
   305 | D:1      | Found a sparkling altar of Nemelex Xobeh.
   454 | D:1      | Reached skill level 1 in Armour
   686 | D:1      | Reached XP level 3. HP: 27/28 MP: 3/3
  1907 | D:3      | Reached skill level 3 in Fighting
  1907 | D:3      | Gained mutation: You regenerate a little health from kills.
                  | [demonic ancestry]
  1907 | D:3      | Reached XP level 4. HP: 36/36 MP: 4/4
  1974 | D:3      | Found a transporter.
  2380 | D:3      | Noticed Doot's ghost (weakling DsVM)
  2400 | D:3      | Found a transporter.
  2540 | D:4      | Reached XP level 5. HP: 36/42 MP: 5/5
  2782 | D:4      | Noticed an ogre
  2791 | D:4      | Killed an ogre
  2867 | D:4      | Gained mutation: You have sharp toenails. [demonic
                  | ancestry]
  2867 | D:4      | Reached XP level 6. HP: 49/49 MP: 6/6
  2946 | D:4      | Reached skill level 4 in Fighting
  3136 | D:4      | Found a staircase to the Ecumenical Temple.
  3176 | Temple   | Entered the Ecumenical Temple
  3241 | Temple   | Became a worshipper of Kikubaaqudgha
  3357 | D:4      | Noticed Sigmund
  3539 | D:5      | Entered Level 5 of the Dungeon
  3736 | D:5      | Noticed a sky beast
  3741 | D:5      | Reached XP level 7. HP: 54/56 MP: 7/7
  3844 | D:5      | Reached skill level 5 in Fighting
  3966 | D:5      | Found a hazy altar of Hepliaklqana.
  4698 | D:6      | Reached skill level 5 in Polearms
  4742 | D:6      | Gained mutation: You have razor-sharp toenails. [demonic
                  | ancestry]
  4742 | D:6      | Reached XP level 8. HP: 49/64 MP: 8/8
  4865 | D:6      | Found a shimmering blue altar of Sif Muna.
  5319 | D:6      | Reached * piety under Kikubaaqudgha
  5319 | D:6      | Identified Kikubaaqudgha's Catalogue of Dark Magic
                  | (Kikubaaqudgha gifted it to you on level 6 of the Dungeon)
  5319 | D:6      | Received a gift from Kikubaaqudgha
  5319 | D:6      | Reached skill level 5 in Armour
  5378 | D:6      | Learned a level 2 spell: Corpse Rot
  5757 | D:7      | Reached skill level 6 in Fighting
  5827 | D:7      | Noticed a hippogriff
  5841 | D:7      | Killed a hippogriff
  6881 | D:7      | Reached skill level 7 in Fighting
  6881 | D:7      | Gained mutation: You are mostly covered in rugged brown
                  | scales. (AC +2, +5% HP) [demonic ancestry]
  6881 | D:7      | Reached XP level 9. HP: 19/75 MP: 2/9
  7162 | D:7      | Learned a level 1 spell: Pain
  7294 | D:8      | Reached skill level 1 in Necromancy
  7523 | D:8      | Noticed Prince Ribbit
  7548 | D:8      | Killed Prince Ribbit
  7695 | D:8      | Reached ** piety under Kikubaaqudgha
  8469 | D:9      | Reached skill level 8 in Fighting
  8521 | D:9      | Found a staircase to the Orcish Mines.
  8544 | D:9      | HP: 2/77 [acid (9)]
  8586 | D:8      | Splashed by a jelly's acid

Levels and vault maps discovered:
D:1:      tarquinn_simple_flora_water_d, layout_loops_ring,
          nemelex_xobeh_ov_fountains_minmay
D:2:      layout_basic
D:3:      layout_basic, gammafunk_ghost_stat_death
D:4:      layout_basic, minmay_temple_entry_tees, first_ration, serial_rivers,
          chequers_serial_rivers_large_a, chequers_serial_rivers_room_b,
          chequers_serial_rivers_marsh, chequers_serial_rivers_small_b,
          chequers_serial_rivers_small_a, uniq_sigmund
D:5:      layout_basic, kennysheep_mini, kennysheep_dice
D:6:      layout_basic, basic_altar
D:7:      layout_basic
D:8:      layout_rooms, blue_anna_alchemist [blue_anna_fruit_fields,
          blue_anna_fruit_fields], uniq_prince_ribbit1
D:9:      layout_loops_ring, david_orc_3, special_room [special_room_kobold]
Temple:   dpeg_three_leaves_temple

Skill      XL: |  1  2  3  4  5  6  7  8  9 |
---------------+----------------------------+-----
Armour         | 1 2 3 4 6 7 |  7.1
Dodging        | 3 |  3.4
Fighting       | 3 4 5 7 8 |  8.1
Polearms       | 3 4 5 6 7 |  7.4
Necromancy     | 4 |  4.0
Throwing       | |  1.7

Action                   |  1- 3 |  4- 6 |  7- 9 || total
-------------------------+-------+-------+-------++-------
Melee: Trident           |   137 |   142 |   408 ||   687
       Kick              |       |    11 |    97 ||   108
Throw: Throwing net      |       |     1 |     4 ||     5
       Dart              |       |       |     4 ||     4
       Javelin           |       |       |     5 ||     5
 Cast: Corpse Rot        |       |       |     6 ||     6
       Pain              |       |       |     9 ||     9
Invok: Receive Corpses   |       |       |     2 ||     2
  Use: Scroll            |       |       |     4 ||     4
 Stab: Sleeping          |     1 |     3 |     1 ||     5
       Held in net/web   |       |     2 |     2 ||     4
  Eat: Chunk             |     1 |     5 |    14 ||    20
       Ration            |     1 |       |     1 ||     2
Armor: Leather armour    |    26 |    13 |    19 ||    58
       Ring mail         |       |       |    62 ||    62
Dodge: Dodged            |    76 |   108 |   284 ||   468
